 Dungeon Crawl Stone Soup version 0.30-a0-325-gb515db48ae (webtiles) character file.

Game seed: 3737050630935855465

63 Nedwor the Trooper (level 3, -7/29 HPs)
             Began as a Demonspawn Fighter on Oct 28, 2022.
             Killed by divine providence
             ... invoked by an orc priest
              (13 damage)
             ... on level 3 of the Dungeon.
             The game lasted 00:02:34 (1656 turns).

Nedwor the Trooper (Demonspawn Fighter)             Turns: 1656, Time: 00:02:34

Health: -7/29      AC:  9    Str: 18    XL:     3   Next: 87%
Magic:  3/3        EV:  9    Int:  9    God:
Gold:   133        SH:  4    Dex: 12    Spells: 2/2 levels left

rFire   . . .      SeeInvis .    a - +0 rapier
rCold   . . .      Faith    .    c - +0 buckler
rNeg    . . .      Spirit   .    b - +0 scale mail
rPois   .          Reflect  .    (no helmet)
rElec   .          Harm     .    (no cloak)
rCorr   .          Rampage  .    (no gloves)
Will    .....                    (no boots)
Stlth   ..........               (no amulet)
HPRegen 0.24/turn                (no ring)
MPRegen 0.08/turn                (no ring)

@: mighty
A: icy blue scales 2
a: no special abilities


You were on level 3 of the Dungeon.
You visited 1 branch of the dungeon, and saw 3 of its levels.

You collected 133 gold pieces.

Inventory:

Hand Weapons
 a - a +0 rapier (weapon)
Armour
 b - a +0 scale mail (worn)
 c - a +0 buckler (worn)
Wands
 m - a wand of polymorph (8)
Scrolls
 f - a scroll of teleportation {unknown}
 g - 4 scrolls of identify {unknown}
 h - a scroll of blinking {unknown}
 i - 2 scrolls of vulnerability {unknown}
 l - a scroll of enchant armour {unknown}
 o - a scroll of enchant weapon {unknown}
 p - a scroll of noise {unknown}
Potions
 e - a potion of heal wounds {unknown}
 j - a potion of brilliance {unknown}
 k - 3 potions of attraction {unknown}
 n - 2 potions of invisibility {unknown}
 q - 3 potions of curing {unknown}


   Skills:
 + Level 3.3 Fighting
 * Level 2.6 Short Blades
 + Level 3.0 Armour
 + Level 1.0 Dodging
 + Level 3.0 Shields


You had 2 spell levels left.
You didn't know any spells.
Your spell library was empty.

Dungeon Overview and Level Annotations

Branches:
Dungeon (3/15)

Altars:
Trog


Innate Abilities, Weirdness & Mutations

You are mostly covered in icy blue scales. (AC +3)


Message History

No target in view!
No target in view!
You see here a +3 short sword.
q - 3 glowing emerald potions (gained 2)
An orc and 2 orc priests come into view.
The orc shouts!
The orc priest shouts!
The orc priest invokes the aid of Beogh against you.
Beogh smites you!
There are monsters nearby!
There are monsters nearby!
You hit the orc priest.
The orc priest is lightly wounded.
The orc priest hits you but does no damage.
You hit the orc priest but do no damage.
The orc priest is lightly wounded.
The orc priest calls down the wrath of Beogh upon you.
Beogh smites you!
* * * LOW HITPOINT WARNING * * *
You are too injured to fight recklessly!
You are too injured to fight recklessly!
You are too injured to fight recklessly!
You are too injured to fight recklessly!
You are too injured to fight recklessly!
You are too injured to fight recklessly!
You are too injured to fight recklessly!
You are too injured to fight recklessly!
You are too injured to fight recklessly!
You are too injured to fight recklessly!
You are too injured to fight recklessly!
You are too injured to fight recklessly!
You are too injured to fight recklessly!
You are too injured to fight recklessly!
You are too injured to fight recklessly!
You feel very mighty all of a sudden.
The orc priest looks satisfied for a moment.
You closely miss the orc priest.
The orc priest is lightly wounded.
The orc priest mumbles some strange prayers to Beogh against you.
Beogh smites you!
You die...

############## #
#............#####
#.######.........)
#.# #......†...
#.# #..........
#@# #..........
#ooo...#..........
######.#..........
#..........
#####+##### # #
#.##### .......


You could see 2 orc priests and an orc.

Vanquished Creatures
  Jessica (D:2)
  2 dart slugs
  4 ball pythons
  An endoplasm (D:1)
  A giant cockroach (D:1)
  3 goblins
  3 hobgoblins
  2 jackals (D:1)
  A quokka (D:1)
  3 bats
  A frilled lizard (D:3)
  7 kobolds
  3 rats
32 creatures vanquished.

Notes
Turn   | Place    | Note
-------+----------+-------------------------------------------
     0 | D:1      | Nedwor the Demonspawn Fighter began the quest for the Orb.
     0 | D:1      | Reached XP level 1. HP: 18/18 MP: 1/1
   142 | D:1      | Gained mutation: You are partially covered in icy blue
                  | scales. (AC +2) [demonic ancestry]
   142 | D:1      | Reached XP level 2. HP: 24/24 MP: 2/2
   842 | D:2      | Noticed Jessica
   854 | D:2      | Killed Jessica
   855 | D:2      | Gained mutation: You are mostly covered in icy blue scales.
                  | (AC +3) [demonic ancestry]
   855 | D:2      | Reached XP level 3. HP: 29/29 MP: 3/3
   993 | D:2      | Reached skill level 1 in Dodging
  1171 | D:3      | Found a bloodstained altar of Trog.
  1447 | D:3      | Found a faded altar of an unknown god.
  1656 | D:3      | Killed from afar by an orc priest

Illustrated notes

Levels and vault maps discovered:
D:1:      beargit_arrival_diablo_church, layout_basic, minmay_fountain_box
D:2:      layout_loops_cross, uniq_jessica
D:3:      layout_basic, nicolae_ru_great_annihilating_truth,
          mainiacjoe_overflow_concentric_impassable,
          chequers_ecumenical_altar_grove

Skill      XL: |  1  2  3 |
---------------+----------+-----
Short Blades   | 2 |  2.6
Armour         | 3 |  3.0
Shields        | 3 |  3.0
Dodging        | 1 |  1.0
Fighting       | |  3.3

Action                   || total
-------------------------++-------
Melee: Rapier            ||   104
       Unarmed           ||     7
  Use: Potion            ||     1
Armor: Scale mail        ||    54
Dodge: Dodged            ||    68
Block: Buckler           ||    10

Table legend: (Time is in decaauts)
 A = Elapsed time spent in this place.
 B = Non-inter-level travel time spent in this place.
 C = Inter-level travel time spent in this place.
 D = Time resting spent in this place.
 E = Time spent auto-exploring this place.
 F = Levels seen in this place.
 G = Mean time per level.
                   A        B        C        D        E       F      G
               +--------+--------+--------+--------+--------+-----+--------+
         Total |   1671 |   1631 |     40 |      8 |   1361 |   3 |  557.0 |
       Dungeon |   1671 |   1631 |     40 |      8 |   1361 |   3 |  557.0 |
               +--------+--------+--------+--------+--------+-----+--------+

Top non-repeatable levels by time:
     D:1: 622 daAuts
     D:2: 557 daAuts
     D:3: 491 daAuts
